 Dungeon Crawl Stone Soup version 0.26-a0-597-gb535b0901c (webtiles) character file.

Game seed: 7429462267828915861

1317 Lanoc the Vandal (level 8, 0/54 HPs)
             Began as a Halfling Fighter on Sept 12, 2020.
             Was a Follower of Dithmenos.
             Slain by a sky beast (6 damage)
             ... on level 5 of the Dungeon.
             The game lasted 00:05:33 (3844 turns).

Lanoc the Vandal (Halfling Fighter)                 Turns: 3844, Time: 00:05:33

Health: 0/54       AC:  9    Str: 19    XL:     8   Next: 90%
Magic:  8/8        EV: 12    Int:  6    God:    Dithmenos [*.....]
Gold:   163        SH: 11    Dex: 16    Spells: 7/7 levels left

rFire    . . .     SeeInvis .   a - +8 falchion "Tust" {distort, Str+2}
rCold    + . .     Faith    .   c - +0 kite shield
rNeg     . . .     Spirit   .   k - +0 scale mail
rPois    .         Reflect  .   f - +2 hat
rElec    .         Harm     .   (no cloak)
rCorr    .                      (no gloves)
MR       .....                  (no boots)
Stlth    ..........             w - amulet of the acrobat
HPRegen  0.18/turn              n - ring of protection from cold
MPRegen  0.11/turn              (no ring)

@: brilliant, wreathed by umbra
A: small, mutation resistance 1
a: Renounce Religion


You were on level 5 of the Dungeon.
You worshipped Dithmenos.
Dithmenos was aware of your devotion.
You visited 1 branch of the dungeon, and saw 5 of its levels.

You collected 163 gold pieces.

Inventory:

Hand Weapons
 a - the +8 falchion "Tust" (weapon) {distort, Str+2}
   (You found it on level 4 of the Dungeon)

   It warps and distorts space around it.
   Unwielding it can cause banishment or high damage.
   It affects your strength (+2).
 b - a +0 hunting sling
Missiles
 e - 132 stones (quivered)
 l - 24 sling bullets
Armour
 c - a +0 kite shield (worn)
 f - a +2 hat (worn)
 k - a +0 scale mail (worn)
Jewellery
 n - a ring of protection from cold (left hand)
 w - an amulet of the acrobat (around neck)
Wands
 o - a wand of disintegration (10)
Scrolls
 h - 3 scrolls of remove curse {unknown}
 i - 3 scrolls of identify {unknown}
 q - 3 scrolls of magic mapping {unknown}
 s - a scroll of immolation {unknown}
 x - a scroll of teleportation {unknown}
Potions
 d - a potion of might
 g - a potion of mutation {unknown}
 j - 2 potions of lignification
 p - a potion of heal wounds {unknown}
 r - a potion of stabbing {unknown}
 t - a potion of berserk rage {unknown}
 u - a potion of experience {unknown}
 v - a potion of curing {unknown}


   Skills:
 + Level 4.8 Fighting
   Level 2.4 Short Blades
 - Level 7.0 Slings
 + Level 5.8 Armour
 + Level 4.4 Dodging
 + Level 5.8 Shields


You had 7 spell levels left.
You didn't know any spells.
Your spell library was empty.

Dungeon Overview and Level Annotations

Branches:
Dungeon (5/15)
 Temple: D:4-7

Altars:
Cheibriados
Dithmenos
Gozag
Kikubaaqudgha
Makhleb
Okawaru
Yredelemnul

Shops:
D:4 }


Innate Abilities, Weirdness & Mutations

You are small and have problems with some larger weapons.
You are somewhat resistant to further mutation.


Message History

The yak is severely wounded.
The yak blinks!
You miss the leopard gecko.
You block the leopard gecko's attack. x2
You miss the leopard gecko. You block the leopard gecko's attack.
You hit the leopard gecko.
The leopard gecko is lightly wounded.
The leopard gecko bites you but does no damage.
A sky beast comes into view.
The sky beast flickers out of sight!
Deactivating autopickup; reactivate with Ctrl-A.
Something hits you.
* * * LOW HITPOINT WARNING * * *
Something shocks you.
* * * LOW HITPOINT WARNING * * *
It was a potion of brilliance.
You feel clever all of a sudden. Something hits you.
* * * LOW HITPOINT WARNING * * *
Something shocks you.
You die...

#.#.# #. #.#Y#
.######.#.# ##
.......l..# #.
[.#####Y### ##.##.##
#.# ##......## #Y#
##........###.#
#......@...##.##
#.....Y....##.Y#
#.#......#.###.#
##.##Y##.# #.#
#.##.##.###.#########
#.......Y.Y..........
#.##....###.########.
# ####.##...# #.
...##...### #.


You could see 2 yaks.

Vanquished Creatures
  Grinder (D:4)
  Sigmund (D:4)
  A yak (D:5)
  2 ice beasts (D:5)
  An ogre (D:4)
  2 orc priests (D:4)
  A hound (D:4)
  A bullfrog skeleton (D:4)
  A centaur skeleton (D:4)
  Natasha (twice) (D:4)
  3 orc wizards
  4 gnolls (D:4)
  8 adders
  A white imp (D:5)
  An ufetubus (D:5)
  A worm (D:4)
  3 dart slugs
  3 leopard geckos
  17 orcs
  A ball python (D:3)
  4 giant cockroaches
  5 goblins
  10 hobgoblins
  4 jackals (D:2)
  13 kobolds
  5 bats
  A frilled lizard (D:4)
  A jackal zombie (D:4)
  A leopard gecko zombie (D:5)
  4 rats
103 creatures vanquished.

Vanquished Creatures (others)
  2 plants (D:4)
2 creatures vanquished.

Grand Total: 105 creatures vanquished

Notes
Turn   | Place    | Note
-------+----------+-------------------------------------------
     0 | D:1      | Lanoc the Halfling Fighter began the quest for the Orb.
     0 | D:1      | Reached XP level 1. HP: 15/15 MP: 1/1
   135 | D:1      | Reached XP level 2. HP: 20/20 MP: 2/2
   397 | D:2      | Reached skill level 1 in Dodging
   406 | D:2      | Reached XP level 3. HP: 14/25 MP: 3/3
  1051 | D:3      | Reached XP level 4. HP: 19/31 MP: 4/4
  1229 | D:3      | Reached skill level 1 in Slings
  1634 | D:4      | Reached skill level 2 in Slings
  1634 | D:4      | Reached XP level 5. HP: 27/36 MP: 5/5
  1764 | D:4      | Noticed Sigmund
  1861 | D:4      | Noticed Grinder
  1865 | D:4      | Paralysed by Grinder for 7 turns
  1888 | D:4      | Reached skill level 3 in Slings
  1899 | D:4      | Paralysed by Grinder for 5 turns
  1908 | D:4      | Killed Grinder
  1908 | D:4      | Reached skill level 4 in Slings
  1908 | D:4      | Reached XP level 6. HP: 19/43 MP: 6/6
  1908 | D:4      | Reached XP level 7. HP: 21/47 MP: 7/7
  2189 | D:4      | Found a burning altar of Makhleb.
  2201 | D:4      | Reached skill level 5 in Slings
  2395 | D:4      | Found an iron altar of Okawaru.
  2398 | D:4      | Found a shadowy altar of Dithmenos.
  2401 | D:4      | Found an ancient bone altar of Kikubaaqudgha.
  2405 | D:4      | Became a worshipper of Dithmenos the Shadowed
  2447 | D:4      | Found Gesyuwan's Gadget Shop.
  2475 | D:4      | Found a snail-covered altar of Cheibriados.
  2477 | D:4      | Found an opulent altar of Gozag.
  2810 | D:4      | Found a basalt altar of Yredelemnul.
  2837 | D:4      | Got a bloodstained falchion
  2838 | D:4      | Identified the +8 falchion "Tust" {distort, Str+2} (You
                  | found it on level 4 of the Dungeon)
  2987 | D:4      | Reached * piety under Dithmenos
  3244 | D:4      | Noticed Natasha
  3246 | D:4      | Killed Natasha
  3350 | D:4      | Noticed Natasha
  3354 | D:4      | Killed Natasha
  3354 | D:4      | Reached skill level 6 in Slings
  3354 | D:4      | Reached skill level 5 in Shields
  3355 | D:4      | Reached skill level 5 in Armour
  3380 | D:4      | Killed Sigmund
  3380 | D:4      | Reached XP level 8. HP: 45/54 MP: 8/8
  3502 | D:5      | Entered Level 5 of the Dungeon
  3514 | D:5      | Reached skill level 7 in Slings
  3799 | D:5      | Noticed a yak
  3799 | D:5      | Noticed a yak
  3799 | D:5      | Noticed a yak
  3800 | D:5      | Noticed a yak
  3800 | D:5      | Noticed a yak
  3801 | D:5      | Noticed a yak
  3816 | D:5      | Killed a yak
  3844 | D:5      | Slain by a sky beast

Illustrated notes

Levels and vault maps discovered:
D:1:      lightli_arrival_statuegarden, layout_basic
D:2:      layout_loops_cross, lemuel_round_altar,
          minmay_fractal_squares_gapless_5
D:3:      layout_rooms
D:4:      corexii_shantytown, layout_basic, grunt_temple_overflow_diamond,
          gammafunk_temple_overflow_forgotten, serial_shops, shop,
          yredelemnul_altar_generic, uniq_natasha, uniq_grinder, uniq_sigmund
D:5:      layout_loops_ring, marbit_many_paths

Skill      XL: |  1  2  3  4  5  6  7  8 |
---------------+-------------------------+-----
Dodging        | 1 2 3 4 |  4.4
Fighting       | 3 4 |  4.8
Slings         | 2 4 6 7 |  7.0
Armour         | 4 5 |  5.8
Shields        | 4 5 |  5.8
Short Blades   | |  2.4

Action                   |  1- 3 |  4- 6 |  7- 9 || total
-------------------------+-------+-------+-------++-------
Melee: Rapier            |    83 |   101 |     7 ||   191
       Falchion          |       |       |   117 ||   117
 Fire: Hunting sling     |     6 |    16 |    39 ||    61
  Use: Potion            |       |     2 |     2 ||     4
Armor: Scale mail        |    38 |    51 |    26 ||   115
       Skin              |       |     8 |       ||     8
Dodge: Dodged            |    34 |    43 |    50 ||   127
Block: Kite shield       |    36 |    50 |    74 ||   160
       Rpst.: Falchion   |       |       |    13 ||    13

Table legend: (Time is in decaauts)
 A = Elapsed time spent in this place.
 B = Non-inter-level travel time spent in this place.
 C = Inter-level travel time spent in this place.
 D = Time resting spent in this place.
 E = Time spent auto-exploring this place.
 F = Levels seen in this place.
 G = Mean time per level.
                   A        B        C        D        E       F      G
               +--------+--------+--------+--------+--------+-----+--------+
         Total |   3909 |   3797 |    112 |    553 |   2434 |   5 |  781.8 |
       Dungeon |   3909 |   3797 |    112 |    553 |   2434 |   5 |  781.8 |
               +--------+--------+--------+--------+--------+-----+--------+

Top non-repeatable levels by time:
     D:4: 1841 daAuts
     D:3: 1025 daAuts
     D:2: 436 daAuts
     D:5: 356 daAuts
     D:1: 250 daAuts
